 Dungeon Crawl Stone Soup version 0.19-a0-1553-g64c24c3 (webtiles) character file.

301 epen the Insei (level 6, -1/49 HPs)
             Began as a Merfolk Monk on Sept 14, 2016.
             Killed from afar by a white imp (2 damage)
             ... with a puff of frost
             ... summoned by Eustachio
             ... on level 5 of the Dungeon.
             The game lasted 00:05:22 (4049 turns).

epen the Insei (Merfolk Monk)                       Turns: 4049, Time: 00:05:24

Health: -1/49      AC:  6    Str: 11      XL:     6   Next: 37%
Magic:  5/5        EV: 13    Int: 10      God:
Gold:   245        SH:  0    Dex: 17 (18) Spells: 0 memorised, 5 levels left

rFire  . . .     SeeInvis .       - Unarmed
rCold  . . .     Gourm    .     u - +1 ring mail
rNeg   . . .     Faith    .     (no shield)
rPois  +         Spirit   .     (no helmet)
rElec  .         Dismiss  .     (no cloak)
rCorr  .         Reflect  .     (no gloves)
MR     .....     Harm     .     (no boots)
Stlth  ..........               (no amulet)
                                q - ring of poison resistance
                                o - ring of loudness

@: about to teleport, drained
A: change form in water, swift swim, stealthy swim, low mp 1, mutation
resistance 1
a: no special abilities


You were on level 5 of the Dungeon.
You were hungry.

You visited 1 branch of the dungeon, and saw 5 of its levels.

You collected 245 gold pieces.

Inventory:

Armour
 u - a +1 ring mail (worn)
Jewellery
 o - a ring of loudness (left hand)
 q - a ring of poison resistance (right hand)
Scrolls
 a - 3 scrolls of blinking
 c - a scroll of amnesia
 e - 3 scrolls of identify
 f - a scroll of enchant armour
 n - 3 scrolls of remove curse
Potions
 j - 3 potions of flight
 t - a potion of ambrosia
Comestibles
 b - 3 bread rations
 d - 3 meat rations
 g - 3 fruits
 k - a slice of pizza


   Skills:
 + Level 4.7(4.5) Fighting
 + Level 5.5(5.4) Dodging
 - Level 2.1(2.0) Stealth
 * Level 5.9(5.8) Unarmed Combat


You had 5 spell levels left.
You didn't know any spells.

Dungeon Overview and Level Annotations

Branches:
Dungeon (5/15)
 Temple: D:4-7

Altars:
Makhleb

Annotations:
D:1 1 exclusion
D:3 epen's ghost, amateur MfMo
D:5 Blork the orc; Eustachio


Innate Abilities, Weirdness & Mutations

You revert to your normal form in water.
You are very nimble and swift while swimming.
You are very stealthy in the water.
Your magical capacity is low. (-10% MP)
You are somewhat resistant to further mutation.


Message History

Eustachio blinks!
The white imp misses you.
Press: ? - help, v - describe, . - travel
Here: Eustachio, wielding a rapier and wearing a leather armour (heavily wounded)
The floor.
Unknown command.
As you read the scroll of teleportation, it crumbles to dust.
You feel strangely unstable. The quasit closely misses you.
The quasit claws you.
* * * LOW HITPOINT WARNING * * *
The quasit claws you but does no damage.
The white imp closely misses you. The quasit barely misses you.
The quasit claws you but does no damage.
The quasit barely misses you.
You hit the quasit but do no damage. The white imp hits you.
* * * LOW HITPOINT WARNING * * *
The white imp freezes you.
* * * LOW HITPOINT WARNING * * *
The white imp gestures at you. The puff of frost hits you!
You die...

##..8............#
#......###.#.###.#
.<.........#.# #.#
###..........# #.#
#.########## #.#
... #@# #.#. #b#
.#. #5# .#.#
######@# #.#
#....55# #.#
#.###### #.# #.###
#.# #...#
#.#####...#
#.........#
#.........#
#####...###...#


You could see Eustachio, a quasit, 2 white imps and a bat.

Vanquished Creatures
  2 hounds
  3 giant frog skeletons (D:5)
  A worker ant (D:4)
  4 adders
  2 oozes
  3 worms
  2 dart slugs (D:1)
  2 giant geckos
  7 bats
  6 giant cockroaches
  5 goblins
  11 hobgoblins
  9 jackals
  6 kobolds
  A ball python (D:2)
  8 frilled lizards
  A giant cockroach zombie (D:5)
  A jackal skeleton (D:3)
  2 quokka skeletons
  7 rats
83 creatures vanquished.

Notes
Turn   | Place    | Note
-------+----------+-------------------------------------------
     0 | D:1      | epen the Merfolk Monk began the quest for the Orb.
     0 | D:1      | Reached XP level 1. HP: 18/18 MP: 1/1
   175 | D:1      | Reached XP level 2. HP: 23/24 MP: 2/2
   481 | D:1      | Reached XP level 3. HP: 13/29 MP: 3/3
  1357 | D:2      | Reached XP level 4. HP: 37/37 MP: 4/4
  2117 | D:3      | Found a burning altar of Makhleb.
  2138 | D:3      | Reached skill level 5 in Unarmed Combat
  2138 | D:3      | Reached XP level 5. HP: 28/42 MP: 5/5
  2268 | D:3      | Noticed epen's ghost (amateur MfMo)
  2759 | D:3      | Gained mutation: You are somewhat resistant to further mutation. [potion of mutation]
  2759 | D:3      | Gained mutation: Your magical capacity is low. (-10% MP) [potion of mutation]
  2903 | D:4      | Reached skill level 5 in Dodging
  3400 | D:5      | Entered Level 5 of the Dungeon
  3437 | D:5      | Reached XP level 6. HP: 45/49 MP: 5/5
  3441 | D:5      | Noticed an orc warrior
  3441 | D:5      | Noticed Eustachio
  3443 | D:5      | Noticed Blork the orc
  4049 | D:5      | HP: 1/49 [white imp[Eustachio] (5)]
  4049 | D:5      | Killed from afar by a white imp

Vault maps used:
D:1:      dpeg_arrival_pond, minmay_tiny_reverse_x
D:2:      first_bread
D:3:      makhleb_heckhound_becter
D:4:      minmay_item_behind_shaft
D:5:      serial_undead, serial_undead_d, serial_undead_f, serial_undead_d,
          serial_undead_c, sword_in_stone

Skill      XL: |  1  2  3  4  5 |
---------------+----------------+-----
Unarmed Combat | 4 5 |  5.9
Fighting       | 4 |  4.7
Dodging        | 5 |  5.5
Stealth        | |  2.1

Action                   |  1- 3 |  4- 6 || total
-------------------------+-------+-------++-------
Melee: Unarmed           |   138 |   240 ||   378
       Punch             |     1 |     4 ||     5
  Use: Potion            |     1 |     1 ||     2
       Scroll            |       |    15 ||    15
 Stab: Distracted        |     2 |       ||     2
       Sleeping          |     5 |     2 ||     7
  Eat: Chunk             |     1 |     7 ||     8
       Pizza             |       |     1 ||     1
Armor: Robe              |    17 |    11 ||    28
       Ring mail         |       |    45 ||    45
Dodge: Dodged            |    99 |   185 ||   284
